 Dungeon Crawl Stone Soup version 0.18.1-48-g4cf74bf (webtiles) character file.

44 RickumRackum the Magician (level 3, -1/22 HPs)
             Began as a High Elf Wizard on Aug 25, 2016.
             Slain by a worm (10 damage)
             ... on level 2 of the Dungeon.
             The game lasted 00:17:48 (2134 turns).

RickumRackum the Magician (High Elf Wizard)         Turns: 2134, Time: 00:17:49

Health: -1/22      AC:  3    Str:  6    XL:     3   Next: 41%
Magic:  3/9        EV: 12    Int: 22    God:
Gold:   41         SH:  0    Dex: 14    Spells: 4 memorised, 1 level left

rFire  + . .     SeeInvis .     q - +0 dagger
rCold  . . .     Gourm    .     a - +0 robe
rNeg   . . .     Faith    .     (no shield)
rPois  .         Spirit   .     b - +1 hat
rElec  .         Dismiss  .     (no cloak)
rCorr  .         Reflect  .     (no gloves)
SustAt .         Harm     .     (no boots)
MR     .....                    (no amulet)
Stlth  ++........               (no ring)
                                e - ring of protection from fire

@: repel missiles, not resistant to hostile enchantments, unstealthy
A: no striking features
a: no special abilities


You were on level 2 of the Dungeon.
You were hungry.

You visited 1 branch of the dungeon, and saw 2 of its levels.

You collected 41 gold pieces.

Inventory:

Hand Weapons
 f - a +0 club
 q - a +0 dagger (weapon)
Missiles
 g - 2 needles of sleeping (quivered)
Armour
 a - a +0 robe (worn)
 b - a +1 hat (worn)
Jewellery
 e - a ring of protection from fire (left hand)
Scrolls
 h - a scroll of remove curse
 i - a scroll of enchant armour
 j - a scroll of amnesia
 l - a scroll of teleportation
 n - a scroll of noise {unknown}
 p - a scroll of enchant weapon {unknown}
Potions
 o - 2 potions of beneficial mutation {unknown}
Books
 c - a book of Minor Magic

   Spells                             Type                      Level
   a - Magic Dart                     Conjuration                  1
   b - Blink                          Translocation                2
   c - Call Imp                       Summoning                    2
   d - Repel Missiles                 Charms/Air                   2
   e - Slow                           Hexes                        2
   f - Conjure Flame                  Conjuration/Fire             3
   g - Mephitic Cloud                 Conjuration/Poison/Air       3
Comestibles
 d - 2 bread rations
 k - a royal jelly
 m - a meat ration


   Skills:
 + Level 0.4 Fighting
 - Level 2.1 Dodging
 - Level 2.1 Stealth
 + Level 3.9 Spellcasting
 * Level 2.2 Conjurations
 - Level 0.8 Charms
   Level 0.8 Summonings
 - Level 2.0 Translocations
 * Level 0.2 Air Magic
 * Level 0.2 Poison Magic


You had one spell level left.
You knew the following spells:

 Your Spells              Type           Power        Failure   Level  Hunger
a - Magic Dart            Conj           ##..         6%          1    None
b - Blink                 Tloc           N/A          10%         2    #......
c - Repel Missiles        Chrm/Air       #.....       14%         2    #......
d - Mephitic Cloud        Conj/Pois/Air  #.......     28%         3    ###....


Dungeon Overview and Level Annotations

Branches:
Dungeon (2/15)

Altars:
Trog


Message History

Aim: a worm (moderately wounded)
The magic dart hits the worm.
The worm is heavily wounded.
Casting: Magic Dart
Confirm with . or Enter, or press ? or * to list all spells.
Aiming: Magic Dart
Press: ? - help, Shift-Dir - straight line, f/p - worm
Aim: a worm (heavily wounded)
The magic dart hits the worm.
The worm is severely wounded.
The worm bites you!
Casting: Magic Dart
Confirm with . or Enter, or press ? or * to list all spells.
Aiming: Magic Dart
Press: ? - help, Shift-Dir - straight line, f/p - worm
Aim: a worm (heavily wounded)
The magic dart hits the worm.
The worm is severely wounded.
The worm bites you!
You die...

#.#...........#
#.##.........#
#..##.......##
#..#####†####
#.....##.#
#..##.w..#
#..####### ###
#.w# ..# #@.#
#.# #(.# #.#
#..# #.####..#
#....(..#
#.#####.# # #.#
#...
###.#######.#
####
.........[..#


You could see a worm.

Vanquished Creatures
  An adder (D:2)
  3 worms (D:2)
  A dart slug (D:2)
  A giant gecko (D:1)
  3 bats (D:1)
  3 goblins (D:1)
  4 hobgoblins
  A giant newt (D:1)
  3 kobolds
  8 rats
28 creatures vanquished.

Notes
Turn   | Place    | Note
--------------------------------------------------------------
     0 | D:1      | RickumRackum the High Elf Wizard began the quest for the Orb.
     0 | D:1      | Reached XP level 1. HP: 11/11 MP: 6/6
   264 | D:1      | Reached XP level 2. HP: 17/17 MP: 4/7
   268 | D:1      | Learned a level 2 spell: Blink
   271 | D:1      | Learned a level 2 spell: Repel Missiles
   441 | D:1      | Learned a level 2 spell: Repel Missiles
  1266 | D:2      | Reached XP level 3. HP: 10/21 MP: 0/9
  1559 | D:2      | Learned a level 3 spell: Mephitic Cloud
  1683 | D:2      | Noticed a moth of wrath
  1686 | D:2      | Found a bloodstained altar of Trog.
  2134 | D:2      | Slain by a worm

Skill      XL: |  1  2 |
---------------+-------+-----
Conjurations   | 2 |  2.2
Translocations | 2 |  2.0
Fighting       | |  0.4
Dodging        | |  2.1
Stealth        | |  2.1
Spellcasting   | |  3.9
Charms         | |  0.8
Summonings     | |  0.8
Air Magic      | |  0.2
Poison Magic   | |  0.2

Action                   || total
-------------------------++-------
Melee: Unarmed           ||     8
       Dagger            ||    15
 Cast: Magic Dart        ||    95
       Blink             ||     1
       Mephitic Cloud    ||     1
       Repel Missiles    ||     1
  Use: Scroll            ||     6
       Potion            ||     3
  Eat: Chunk             ||     3
Armor: Robe              ||     9
Dodge: Dodged            ||    25
